 Dungeon Crawl Stone Soup version 0.20.1-1-g8b1a95d (console) character file.

39255 hilaritas the Grappler (level 13, -9/133 HPs)
             Began as a Troll Fighter on Nov 29, 2017.
             Was a Priest of Uskayaw.
             Mangled by a three-headed hydra (14 damage)
             ... on level 6 of the Lair of Beasts on Nov 30, 2017.
             The game lasted 00:40:15 (15002 turns).

hilaritas the Grappler (Troll Fighter)             Turns: 15002, Time: 00:40:16

Health: -9/133     AC: 10    Str: 33    XL:     13   Next: 68%
Magic:  19/19      EV: 13    Int:  9    God:    Uskayaw [***...]
Gold:   1367       SH: 14    Dex: 20    Spells: 7/12 levels left

rFire    + . .     SeeInvis +   F - +1 scimitar (flame)
rCold    + . .     Gourm    +   b - +1 shield
rNeg     . . .     Faith    +   a - +0 robe
rPois    .         Spirit   .   N - +2 hat
rElec    .         Reflect  .   u - +1 cloak
rCorr    .         Harm     .   (gloves unavailable)
MR       .....                  (boots unavailable)
Stlth    ++........             l - amulet of faith
Regen    0.8/turn               E - ring "Qiqylif" {Int+3 Dex+7 Slay+6 SInv}
MPRegen  0.2/turn               R - ring of Moderation {rF+ rC+ Str+4 Dex+4}

@: no status effects
A: unfitting armour, claws 3, fast metabolism 3, gourmand, regeneration 1,
shaggy fur 1, tough skin 2
a: Stomp, Line Pass, Renounce Religion


You were on level 6 of the Lair of Beasts.
You worshipped Uskayaw.
Uskayaw was aware of your devotion.
You were not hungry.

You visited 3 branches of the dungeon, and saw 19 of its levels.
You also visited: Ossuary.

You collected 1367 gold pieces.

Inventory:

Hand Weapons
 F - a +1 scimitar of flaming (weapon)
 M - the +11 war axe of Buytsef {chop, rElec rPois SInv}
   (You found it on level 7 of the Dungeon)

   It inflicts extra damage upon your enemies.
   It insulates you from electricity.
   It protects you from poison.
   It lets you see invisible.
Missiles
 t - 6 javelins (quivered)
Armour
 a - a +0 robe (worn)
 b - a +1 shield (worn)
 u - a +1 cloak (worn)
 N - a +2 hat (worn)
Jewellery
 l - an amulet of faith (around neck)
 p - an uncursed ring of ice
 E - the ring "Qiqylif" (left claw) {Int+3 Dex+7 Slay+6 SInv}
   (You found it on level 6 of the Dungeon)

   [ring of see invisible]

   It affects your intelligence (+3).
   It affects your dexterity (+7).
   It affects your accuracy and damage with ranged weapons and melee attacks
   (+6).
   It lets you see invisible.
 I - an uncursed ring of poison resistance
 R - the ring of Moderation (right claw) {rF+ rC+ Str+4 Dex+4}
   (You found it on level 9 of the Dungeon)

   [ring of protection from fire]

   It affects your strength (+4).
   It affects your dexterity (+4).
   It protects you from fire.
   It protects you from cold.
Wands
 w - a wand of lightning (6/15)
 K - a wand of iceblast (2/15)
 O - a wand of flame (14/48)
 T - a wand of lightning (4/15)
 U - a wand of clouds (5/9)
 V - a wand of iceblast (9/15)
Scrolls
 g - 3 scrolls of recharging
 i - 3 scrolls of fear
 n - 11 scrolls of remove curse
 o - 6 scrolls of enchant armour
 q - 4 scrolls of identify
 s - a scroll of blinking
 x - a scroll of fog
 y - 7 scrolls of magic mapping
 H - 6 scrolls of teleportation
 L - 2 scrolls of enchant weapon
 P - 3 scrolls of amnesia
Potions
 c - 6 potions of might
 h - 6 potions of heal wounds
 j - 2 potions of berserk rage
 k - 7 potions of curing
 m - 2 potions of magic
 z - 4 potions of brilliance
 A - a potion of cancellation {unknown}
 B - 5 potions of haste
 C - 2 potions of flight
 J - a potion of invisibility {unknown}
 Q - a potion of resistance {unknown}
 S - a potion of mutation {unknown}
 Y - 2 potions of agility {unknown}
Books
 D - a book of Changes

   Spells                             Type                      Level
   a - Beastly Appendage              Transmutation                1
   b - Sticks to Snakes               Transmutation                2
   c - Spider Form                    Transmutation/Poison         3
   d - Ice Form                       Ice/Transmutation            4
   e - Blade Hands                    Transmutation                5
Miscellaneous
 e - a phantom mirror
Comestibles
 d - 13 bread rations
 f - 15 fruits
 r - 9 royal jellies
 v - 6 meat rations


   Skills:
 - Level 10.0 Fighting
 * Level 8.6 Armour
 + Level 5.2 Dodging
 - Level 9.1 Shields
 - Level 10.3 Unarmed Combat
 * Level 9.6 Invocations


You had 7 spell levels left.
You knew the following spells:

 Your Spells              Type           Power        Failure   Level  Hunger
a - Swiftness             Chrm/Air       #.......     52%         2    ###....
b - Regeneration          Chrm/Necr      #.........   77%         3    ####...


Dungeon Overview and Level Annotations

Branches:
Dungeon (12/15)            Temple (1/1) D:4            Lair (6/6) D:8
  Swamp (0/4) Lair:3        Snake (0/4) Lair:4        Slime (0/5) Lair:5
    Orc (0/2) D:11

Altars:
Ashenzari
Cheibriados
Dithmenos
Elyvilon
Fedhas
Gozag
Hepliaklqana
Kikubaaqudgha
Makhleb
Nemelex Xobeh
Okawaru
Qazlal
Ru
Sif Muna
Trog
Uskayaw
Vehumet
Xom
Yredelemnul
Zin
The Shining One
Jiyva

Annotations:
Lair:5 1 runed door


Innate Abilities, Weirdness & Mutations

You are too large for most types of armour.
You have claws for hands.
Your metabolism is lightning-fast.
You like to eat raw meat.
Your natural rate of healing is unusually fast.
You are covered in fur. (AC +1)
You have very tough skin. (AC +2)


Message History

The four-headed hydra is no longer paralysed.
You block the four-headed hydra's attack. x3
The four-headed hydra bites you.
You slice one of the four-headed hydra's heads off!
The flame cauterises the wound!
You hit the three-headed hydra. You burn the three-headed hydra.
The three-headed hydra is moderately wounded.
The dream sheep is no longer paralysed. x2; The three-headed hydra bites you!
* * * LOW HITPOINT WARNING * * *
The three-headed hydra bites you!
* * * LOW HITPOINT WARNING * * *
The three-headed hydra barely misses you.
The three-headed hydra misses you.
You block the three-headed hydra's attack. x2
The dream sheep shake their wool and sparkle.
You feel drowsy...
You fall asleep.
The three-headed hydra bites you!
You wake up.
* * * LOW HITPOINT WARNING * * *
The three-headed hydra bites you!
You die...

/.......##...
..............
.............
............##
.............###
......#.......=.
##......D.YY....
........@Y.Y....
.......<...Y....
................
............%...
......#.........
.#..!...........
#...............
..............##
.............#.


You could see a three-headed hydra and 5 dream sheep.

Vanquished Creatures
  Gastronok (D:11)
  Fannar (Lair:2)
  2 hydras
  Erica (D:10)
  A queen ant (Lair:3)
  7 two-headed ogres
  Urug (Lair:4)
  An unseen horror (D:12)
  Pikel (D:8)
  A wolf spider (Lair:1)
  A manticore (D:12)
  3 ugly things
  4 elephants (Lair:3)
  3 black mambas
  2 molten gargoyles (Lair:4)
  Psyche (D:11)
  2 gargoyles
  2 rime drakes
  4 spiny frogs
  A kobold demonologist (D:12)
  2 komodo dragons
  A troll (D:12)
  2 polar bears (Lair:4)
  2 hornets
  9 blink frogs (Lair:1)
  7 hippogriffs
  A meliai zombie (D:10)
  2 shadows
  3 wyverns
  A human (D:9)
  3 basilisks
  14 yaks
  A hungry ghost (D:8)
  4 hogs (D:9)
  A naga (Lair:4)
  9 water moccasins
  11 soldier ants (Lair:3)
  6 porcupines
  An orc warrior (D:8)
  2 sky beasts (D:8)
  A swamp drake (Lair:3)
  2 ice beasts
  6 black bears
  A slave (D:8)
  2 phantoms
  8 ogres
  7 wolves
  9 centaurs
  The ghost of Lanoc the Ducker, an amateur HaMo of Ashenzari (D:3)
  10 crocodiles
  A big kobold (D:12)
  18 bullfrogs
  Blork the orc (D:4)
  An elf skeleton (D:4)
  2 elf zombies
  6 scorpions
  14 killer bees
  2 howler monkeys
  3 crimson imps
  5 lava snakes (Lair:4)
  A quasit (D:5)
  2 bullfrog zombies
  6 hounds
  2 human zombies (D:4)
  A jelly (D:11)
  7 orc priests
  Crazy Yiuf (D:2)
  6 orc wizards
  A gnoll shaman (D:8)
  A bullfrog skeleton (D:11)
  A centaur skeleton (D:6)
  7 iguanas
  Ijyb (D:3)
  Terence (D:2)
  A human skeleton (D:4)
  29 worker ants
  A killer bee zombie (D:6)
  2 big kobold zombies (Ossuary)
  2 hound zombies (Ossuary)
  4 mummies (Ossuary)
  6 gnolls
  17 adders
  A shadow imp (D:8)
  2 oozes
  A worm (D:2)
  A dart slug (D:3)
  7 leopard geckos
  25 orcs
  A ball python (D:4)
  2 giant cockroaches (D:3)
  A goblin (D:2)
  4 hobgoblins
  10 jackals
  5 quokkas
  6 bats
  8 frilled lizards
  2 goblin zombies
  3 hobgoblin zombies
  2 jackal zombies (Ossuary)
  11 kobolds
  3 kobold zombies
  A leopard gecko zombie (D:8)
  An orc skeleton (D:4)
  2 orc zombies (D:5)
  A quokka skeleton (D:8)
  6 rats
  A rat zombie (Ossuary)
429 creatures vanquished.

Vanquished Creatures (collateral kills)
  A hydra (Lair:1)
  2 plants (Lair:1)
3 creatures vanquished.

Vanquished Creatures (others)
  3 slaves (D:8)
  4 fungi
  2 plants (Lair:1)
9 creatures vanquished.

Grand Total: 441 creatures vanquished

Notes
Turn   | Place    | Note
-------+----------+-------------------------------------------
     0 | D:1      | hilaritas the Troll Fighter began the quest for the Orb.
     0 | D:1      | Reached XP level 1. HP: 22/22 MP: 0/0
   275 | D:1      | Reached XP level 2. HP: 17/29 MP: 1/1
   950 | D:2      | Reached XP level 3. HP: 28/36 MP: 2/2
  1058 | D:2      | Found a bloodstained altar of Trog.
  1106 | D:2      | Noticed Terence
  1114 | D:2      | Killed Terence
  1114 | D:2      | Reached XP level 4. HP: 44/44 MP: 3/3
  1652 | D:2      | Found a runed door.
  1686 | D:2      | Noticed Crazy Yiuf
  1694 | D:2      | Killed Crazy Yiuf
  1743 | D:3      | Reached XP level 5. HP: 52/52 MP: 4/4
  1900 | D:3      | Noticed Ijyb
  1911 | D:3      | Killed Ijyb
  1990 | D:3      | Noticed Lanoc's ghost (amateur HaMo)
  2005 | D:3      | Killed Lanoc's ghost
  2005 | D:3      | Reached skill level 5 in Unarmed Combat
  2007 | D:3      | Reached XP level 6. HP: 57/59 MP: 5/5
  2369 | D:4      | Found a sparkling altar of Nemelex Xobeh.
  2410 | D:4      | Found a stormy altar of Qazlal.
  2489 | D:4      | Found a sand-covered staircase.
  2496 | Ossuary  | Entered an ossuary
  2638 | Ossuary  | Reached XP level 7. HP: 51/67 MP: 6/6
  2957 | D:4      | Noticed Blork the orc
  2961 | D:4      | Killed Blork the orc
  3145 | D:4      | Found a white marble altar of Elyvilon.
  3218 | D:4      | Found a staircase to the Ecumenical Temple.
  3227 | Temple   | Entered the Ecumenical Temple
  3293 | Temple   | Became a worshipper of Uskayaw the Reveler
  3465 | D:5      | Entered Level 5 of the Dungeon
  3513 | D:5      | Reached * piety under Uskayaw
  3514 | D:5      | Reached ** piety under Uskayaw
  3518 | D:5      | Reached *** piety under Uskayaw
  3519 | D:5      | Reached XP level 8. HP: 47/75 MP: 7/7
  3696 | D:5      | Reached **** piety under Uskayaw
  3703 | D:5      | Reached ***** piety under Uskayaw
  3846 | D:5      | Reached skill level 1 in Invocations
  3988 | D:5      | Noticed a two-headed ogre
  4004 | D:5      | Killed a two-headed ogre
  4004 | D:5      | Reached skill level 10 in Unarmed Combat
  4004 | D:5      | Reached XP level 9. HP: 23/83 MP: 7/9
  4048 | D:5      | Reached skill level 1 in Armour
  4064 | D:5      | Found a glowing golden altar of the Shining One.
  4155 | D:5      | Reached skill level 5 in Shields
  4214 | D:5      | Found a shimmering altar of Xom.
  4424 | D:6      | You fall through a shaft for 2 floors!
  4648 | D:6      | Found a blossoming altar of Fedhas.
  4651 | D:6      | Got a scorched turquoise ring
  4652 | D:6      | Identified the ring "Qiqylif" {Int+3 Dex+7 Slay+6 SInv} (You found it on level 6 of the Dungeon)
  4722 | D:6      | Found a shadowy altar of Dithmenos.
  4800 | D:6      | Found an iron altar of Okawaru.
  5022 | D:6      | Noticed a two-headed ogre
  5030 | D:6      | Killed a two-headed ogre
  5260 | D:7      | Reached XP level 10. HP: 93/94 MP: 10/12
  5431 | D:7      | Found a burning altar of Makhleb.
  5480 | D:7      | Got a crude war axe
  5481 | D:7      | Identified the +11 war axe of Buytsef {chop, rElec rPois SInv} (You found it on level 7 of the Dungeon)
  5509 | D:7      | Found a shattered altar of Ashenzari.
  5709 | D:8      | Noticed Pikel
  5717 | D:8      | Killed Pikel
  5749 | D:8      | Found a bloodstained altar of Trog.
  5894 | D:8      | Reached skill level 5 in Fighting
  5911 | D:8      | Reached ****** piety under Uskayaw
  5959 | D:8      | Found a sparkling altar of Nemelex Xobeh.
  6051 | D:8      | Found a staircase to the Lair.
  6183 | D:8      | Reached skill level 5 in Invocations
  6380 | D:9      | Noticed a two-headed ogre
  6386 | D:9      | Killed a two-headed ogre
  6607 | D:9      | Reached XP level 11. HP: 97/105 MP: 13/13
  6644 | D:9      | Got a slimy iron ring
  6646 | D:9      | Identified the ring of Moderation {rF+ rC+ Str+4 Dex+4} (You found it on level 9 of the Dungeon)
  6953 | D:9      | Learned a level 2 spell: Swiftness
  7151 | D:9      | Reached skill level 5 in Armour
  7187 | D:10     | Entered Level 10 of the Dungeon
  7195 | D:10     | Noticed Erica
  7220 | D:10     | Killed Erica
  7447 | D:10     | Noticed a two-headed ogre
  7452 | D:10     | Killed a two-headed ogre
  7620 | D:10     | Noticed a two-headed ogre
  7629 | D:10     | Killed a two-headed ogre
  8254 | D:11     | Noticed Psyche
  8258 | D:11     | Killed Psyche
  8391 | D:11     | Noticed a two-headed ogre
  8395 | D:11     | Killed a two-headed ogre
  8520 | D:11     | Noticed a cyan ugly thing
  8528 | D:11     | Killed a cyan ugly thing
  8781 | D:11     | Found a staircase to the Orcish Mines.
  8789 | D:11     | Noticed a two-headed ogre
  8801 | D:11     | Killed a two-headed ogre
  8847 | D:11     | Noticed a red ugly thing
  8852 | D:11     | Killed a red ugly thing
  8852 | D:11     | Reached XP level 12. HP: 64/118 MP: 16/16
  8854 | D:11     | Noticed Gastronok
  8871 | D:11     | Killed Gastronok
  8973 | D:11     | Learned a level 3 spell: Regeneration
 10260 | Lair:1   | Entered Level 1 of the Lair of Beasts
 10673 | Lair:1   | Paralysed by a hornet for 2 turns
 10688 | Lair:1   | HP: 6/123 [wolf spider (14)]
 11230 | Lair:1   | Noticed an eight-headed hydra
 11238 | Lair:1   | Killed a six-headed hydra
 11812 | Lair:2   | Reached XP level 13. HP: 109/133 MP: 18/18
 11941 | Lair:2   | Reached skill level 10 in Fighting
 12020 | Lair:2   | Noticed Fannar
 12029 | Lair:2   | Killed Fannar
 12702 | Lair:3   | Found a staircase to the Swamp.
 13313 | Lair:4   | Found a staircase to the Snake Pit.
 13397 | Lair:4   | Found a dark tunnel.
 13822 | Lair:4   | Noticed Urug
 13840 | Lair:4   | Killed Urug
 14814 | Lair:5   | Reached skill level 5 in Dodging
 14830 | Lair:5   | Found a runed door.
 14830 | Lair:5   | Found a viscous altar of Jiyva.
 14830 | Lair:5   | Found a staircase to the Slime Pits.
 14992 | Lair:6   | Entered Level 6 of the Lair of Beasts
 15002 | Lair:6   | HP: 5/133 [three-headed hydra (17)]
 15002 | Lair:6   | Mangled by a three-headed hydra

Skill      XL: |  1  2  3  4  5  6  7  8  9 10 11 12 13 |
---------------+----------------------------------------+-----
Unarmed Combat | 3 4 5 6 8 10 | 10.3
Shields        | 3 4 6 8 9 |  9.1
Fighting       | 3 4 5 7 9 10 | 10.0
Invocations    | 2 4 5 6 8 9 |  9.6
Armour         | 3 4 6 7 8 |  8.6
Dodging        | 5 |  5.2

Action                   |  1- 3 |  4- 6 |  7- 9 | 10-12 | 13-15 || total
-------------------------+-------+-------+-------+-------+-------++-------
Melee: Unarmed           |    83 |   227 |   269 |   454 |   257 ||  1290
       Scimitar          |       |       |       |     2 |    11 ||    13
Invok: Stomp             |       |       |       |       |     1 ||     1
  Use: Scroll            |       |     7 |     7 |    10 |     3 ||    27
       Potion            |       |       |     1 |     3 |     1 ||     5
 Stab: Sleeping          |       |       |     3 |     6 |     2 ||    11
       Paralysed         |       |       |    13 |    29 |    22 ||    64
  Eat: Chunk             |    14 |    14 |    25 |    64 |    24 ||   141
       Fruit             |     2 |       |       |       |       ||     2
Armor: Robe              |    21 |    85 |    50 |    71 |    54 ||   281
Dodge: Dodged            |    22 |    64 |    64 |   111 |    90 ||   351
Block: Shield            |    28 |   114 |   112 |   254 |   154 ||   662
